 Dungeon Crawl Stone Soup version 0.31-a0-968-g24f9ace8b5 (webtiles) character file.

Game seed: 15828204767001247984

266 timneilson the Covered (level 6, -2/38 HPs)
             Began as a Gargoyle Fighter on Oct 27, 2023.
             Slain by an ice beast (9 damage)
             ... on level 4 of the Dungeon.
             The game lasted 00:04:41 (2005 turns).

timneilson the Covered (Gargoyle Fighter)           Turns: 2005, Time: 00:04:42

Health: -2/38      AC: 15    Str: 19    XL:     6   Next: 20%
Magic:  6/6        EV:  8    Int:  9    God:
Gold:   143        SH:  6    Dex: 11    Spells: 5/5 levels left

rFire   . . .        a - +1 long sword
rCold   . . .        c - +1 buckler
rNeg    + . .        q - +0 chain mail
rPois   ∞            f - +0 helmet
rElec   +            (no cloak)
rCorr   .            (no gloves)
SInv    .            (no boots)
Will    .....        (no amulet) Stlth
                     j - ring of flight
HPRegen 0.26/turn    (no ring)
MPRegen 0.10/turn

%: no passive effects
@: flying
A: sickness immunity, AC +4, negative energy resistance 1, electricity
resistance, torment resistance 1, petrification resistance
a: no special abilities


You were on level 4 of the Dungeon.
You visited 1 branch of the dungeon, and saw 4 of its levels.

You collected 143 gold pieces.

Inventory:

Hand Weapons
 a - a +1 long sword (weapon)
Armour
 c - a +1 buckler (worn)
 f - a +0 helmet (worn)
 l - a +0 plate armour
 q - a +0 chain mail (worn)
Jewellery
 j - a ring of flight (left hand)
Wands
 d - a wand of roots (5)
Scrolls
 e - a scroll of identify
Potions
 g - a potion of magic
 h - a potion of degeneration {unknown}
 i - a potion of curing {unknown}
 k - a potion of attraction {unknown}
 m - 2 potions of brilliance
 n - 2 potions of enlightenment
 o - 2 potions of cancellation


   Skills:
 + Level 4.0 Fighting
 * Level 3.1 Long Blades
 * Level 4.7 Armour
 + Level 1.3 Dodging
 * Level 4.6 Shields
 + Level 0.2 Evocations


You had 5 spell levels left.
You didn't know any spells.
Your spell library contained the following spells:

 Spells                   Type           Power      Damage    Failure   Level
 Tukima's Dance           Hex            0%         N/A       100%        3
 Vampiric Draining        Necr           0%         2d6       100%        3
 Dimensional Bullseye     Hex/Tloc       0%         N/A       100%        4
 Iskenderun's Mystic Bla  Conj/Tloc      0%         2d3       100%        4
 Freezing Cloud           Conj/Ice/Air   0%         6-21      100%        5
 Haunt                    Necr/Summ      0%         N/A       100%        7


Dungeon Overview and Level Annotations

Branches:
Dungeon (4/15)
 Temple: D:4-7

Altars:
Fedhas
Makhleb
Wu Jian


Innate Abilities, Weirdness & Mutations

You are immune to sickness and miasma.
Your stone body is resilient. (AC +4)
You are immune to poison.
You resist negative energy. (rN+)
You are resistant to electric shocks. (rElec)
You are resistant to unholy torment.
You are immune to petrification.


Message History

No target in view!
No target in view!
No target in view!
No target in view!
No target in view!
You see here a quokka corpse.
You now have 143 gold pieces (gained 11).
Found a stone staircase leading down.
Found a stone staircase leading up.
Found 2 boomerangs.
There is a stone staircase leading down here.
An ice beast comes into view.
You hit the ice beast but do no damage. You block the ice beast's attack.
You hit the ice beast.
The ice beast is lightly wounded.
The ice beast closely misses you. The ice beast hits you.
The ice beast freezes you!
You closely miss the ice beast.
The ice beast is lightly wounded.
The ice beast hits you but does no damage.
You closely miss the ice beast.
The ice beast is lightly wounded.
The ice beast barely misses you.
You hit the ice beast but do no damage.
The ice beast is lightly wounded.
The ice beast hits you. The ice beast freezes you!
* * * LOW HITPOINT WARNING * * *
The ice beast hits you but does no damage.
You barely miss the ice beast.
The ice beast is lightly wounded.
The ice beast barely misses you.
You barely miss the ice beast.
The ice beast is lightly wounded.
You block the ice beast's attack.
You hit the ice beast but do no damage.
The ice beast is lightly wounded.
The ice beast hits you.
* * * LOW HITPOINT WARNING * * *
The ice beast freezes you!
You die...

####### #.....#
#....(# #.....#
###.....######
#...>........#
#@#.....######
#Y#<.........#
.....#....###.#
...#.....#.##
....#####.#..#######
.....# #..........#
......# #.)........#
########
#...........
#...........


You could see an ice beast.

Vanquished Creatures
  Sigmund (D:2)
  Robin (D:2)
  2 adders
  2 worms (D:3)
  3 dart slugs
  7 ball pythons
  2 endoplasms
  3 giant cockroaches
  15 goblins
  5 hobgoblins
  3 jackals (D:1)
  3 kobolds
  2 quokkas
  7 bats
  5 frilled lizards
  6 rats
67 creatures vanquished.

Notes
Turn   | Place    | Note
-------+----------+-------------------------------------------
     0 | D:1      | timneilson the Gargoyle Fighter began the quest for the
                  | Orb.
     0 | D:1      | Reached XP level 1. HP: 14/14 MP: 1/1
   125 | D:1      | Reached XP level 2. HP: 19/19 MP: 2/2
   228 | D:1      | Reached XP level 3. HP: 15/23 MP: 3/3
   622 | D:2      | Noticed Robin
   663 | D:2      | Killed Robin
   664 | D:2      | Reached XP level 4. HP: 10/28 MP: 4/4
   891 | D:2      | Found an ornate altar of the Wu Jian Council.
  1174 | D:2      | Noticed Sigmund
  1193 | D:2      | Killed Sigmund
  1194 | D:2      | Reached skill level 1 in Dodging
  1194 | D:2      | Reached XP level 5. HP: 11/33 MP: 5/5
  1194 | D:2      | Reached XP level 6. HP: 12/38 MP: 6/6
  1345 | D:3      | Identified the "Zevimamm"
  1531 | D:3      | Found a burning altar of Makhleb.
  1531 | D:3      | Found a blossoming altar of Fedhas.
  1994 | D:4      | Noticed an ice beast
  2005 | D:4      | Slain by an ice beast

Illustrated notes

Levels and vault maps discovered:
D:1:      wander_arrival_peaceful_grave, layout_rooms, minmay_tree_intersection,
          st_stairs_2, minmay_indecisive_spiral
D:2:      layout_loops_ring, basic_altar, kennysheep_generic_room_2,
          uniq_sigmund, uniq_robin
D:3:      layout_rooms, nicolae_overflow_squiral
D:4:      minmay_recursive_quarters, layout_basic, hangedman_glass_teeth,
          uniq_eustachio

Skill      XL: |  1  2  3  4 |
---------------+-------------+-----
Long Blades    | 2 3 |  3.1
Fighting       | 4 |  4.0
Armour         | 4 |  4.7
Dodging        | 1 |  1.3
Shields        | 4 |  4.6
Evocations     | |  0.2

Action                     |  1- 3 |  4- 6 || total
---------------------------+-------+-------++-------
  Melee: Long sword        |   114 |   141 ||   255
    Use: Scroll            |     2 |     5 ||     7
         Potion            |       |     1 ||     1
 Armour: Scale mail        |    81 |    81 ||   162
         Chain mail        |       |    26 ||    26
  Dodge: Dodged            |    72 |    61 ||   133
  Block: Buckler           |    29 |    48 ||    77

Table legend: (Time is in decaauts)
 A = Elapsed time spent in this place.
 B = Non-inter-level travel time spent in this place.
 C = Inter-level travel time spent in this place.
 D = Time resting spent in this place.
 E = Time spent auto-exploring this place.
 F = Levels seen in this place.
 G = Mean time per level.
                   A        B        C        D        E       F      G
               +--------+--------+--------+--------+--------+-----+--------+
         Total |   2081 |   1988 |     93 |      0 |   1367 |   4 |  520.2 |
       Dungeon |   2081 |   1988 |     93 |      0 |   1367 |   4 |  520.2 |
               +--------+--------+--------+--------+--------+-----+--------+

Top non-repeatable levels by time:
     D:2: 787 daAuts
     D:3: 610 daAuts
     D:1: 605 daAuts
     D:4: 78 daAuts
